 Dungeon Crawl Stone Soup version 0.17-a0-1850-g688e747 (console) character file.

23 rchandra the Magician (level 3, -4/18 HPs)
             Began as a Vine Stalker Wizard on Sept 19, 2015.
             Slain by an orc
             ... wielding a +0 hand axe
              (5 damage)
             ... on level 1 of the Dungeon.
             The game lasted 00:03:49 (1243 turns).

rchandra the Magician (Vine Stalker Wizard)         Turns: 1243, Time: 00:03:49

Health: -4/18      AC:  2    Str:  9    XL:     3   Next: 0%
Magic:  0/9        EV: 12    Int: 19    God:
Gold:   57         SH:  0    Dex: 12    Spells: 3 memorised, 4 levels left

rFire  . . .     SeeInvis .     h - +0 short sword
rCold  . . .     Clarity  .     a - +0 robe
rNeg   . . .     SustAt   .     (no shield)
rPois  .         Gourm    .     b - +0 hat
rElec  .         Spirit   +     (no cloak)
rCorr  .         Warding  .     (no gloves)
rMut   .         Stasis   .     (no boots)
MR     .....                    (no amulet)
Stlth  ++........               (no ring)
                                (no ring)

@: not resistant to hostile enchantments, unstealthy
A: fangs 2, regeneration 1, magic shield, antimagic bite, no device heal 3, rot
immunity
a: no special abilities


You were on level 1 of the Dungeon.
You were not hungry.

You visited 1 branch of the dungeon, and saw 1 of its levels.

You collected 57 gold pieces.

Inventory:

Hand weapons
 g - a +0 club
 h - a +0 short sword (weapon)
 i - a +0 mace
Armour
 a - a +0 robe (worn)
 b - a +0 hat (worn)
Scrolls
 k - a scroll of identify {unknown}
Potions
 e - a potion of ambrosia {unknown}
 j - a potion of magic {unknown}
Books
 c - a book of Minor Magic

   Spells                             Type                      Level
   a - Magic Dart                     Conjuration                  1
   b - Blink                          Translocation                2
   c - Call Imp                       Summoning                    2
   d - Repel Missiles                 Charms/Air                   2
   e - Slow                           Hexes                        2
   f - Conjure Flame                  Conjuration/Fire             3
   g - Mephitic Cloud                 Conjuration/Poison/Air       3
Comestibles
 d - a bread ration
 f - a royal jelly
 l - 2 meat rations
 m - a chunk of flesh


   Skills:
 - Level 1.0 Fighting
 - Level 1.5 Dodging
 - Level 2.4 Stealth
 + Level 3.7 Spellcasting
 + Level 1.1 Conjurations
 * Level 1.5 Summonings
   Level 1.0 Translocations


You had 4 spell levels left.
You knew the following spells:

 Your Spells              Type           Power        Failure   Level  Hunger
k - Call Imp              Summ           #.......     14%         2    ##.....
m - Repel Missiles        Chrm/Air       #.....       24%         2    ##.....
y - Magic Dart            Conj           #...         10%         1    None


Dungeon Overview and Level Annotations

Branches:
Dungeon (1/15)

Altars:


Innate Abilities, Weirdness & Mutations

You have extremely sharp teeth.
Your natural rate of healing is unusually fast.
When hurt, damage is shared between your health and your magic reserves.
Your bite disrupts and absorbs the magic of your enemies.
Potions and wands cannot restore your health.
You are immune to rotting.


Message History

You drain its magic.
You feel invigorated.
The orc wizard is moderately wounded.
The orc wizard hits you with a dagger.
The orc wizard casts a spell.
The orc wizard blinks!
You take 2 damage, and have 16/18 hp.
You hit the orc wizard.
The orc wizard is heavily wounded.
The orc wizard hits you but does no damage.
The orc wizard closely misses you.
Casting: Magic Dart
Confirm with . or Enter, or press ? or * to list all spells.
Aiming: Magic Dart
Press: ? - help, Shift-Dir - straight line, f/p - orc wizard
Aim: an orc wizard, wielding a dagger and wearing a robe (heavily wounded, fast)
The magic dart hits the orc wizard.
The orc wizard is heavily wounded.
The orc wizard falters for a moment.
The orc closely misses you.
You now have 7/9 mp.
Casting: Magic Dart
Confirm with . or Enter, or press ? or * to list all spells.
Aiming: Magic Dart
Press: ? - help, Shift-Dir - straight line, f/p - orc wizard
Aim: an orc wizard, wielding a dagger and wearing a robe (heavily wounded, fast)
The magic dart hits the orc wizard.
The orc wizard is heavily wounded.
The orc wizard hits you with a dagger. The orc closely misses you.
The orc closely misses you. The orc wizard hits you with a dagger.
You take 4 damage, and have 12/18 hp.
MASSIVE DAMAGE!!
You now have 5/9 mp.
You barely miss the orc wizard.
The orc wizard is heavily wounded.
The orc wizard hits you with a dagger. The orc barely misses you.
You take 1 damage, and have 11/18 hp.
You hit the orc wizard.
The orc wizard is severely wounded.
The orc wizard closely misses you. The orc misses you.
The orc wizard hits you with a dagger. The orc hits you with a mace.
* * * LOW HITPOINT WARNING * * *
The orc hits you with a hand axe.
* * * LOW MAGIC WARNING * * *
* * * LOW HITPOINT WARNING * * *
You take 7 damage, and have 4/18 hp.
MASSIVE DAMAGE!!
You now have 1/9 mp.
You hit the orc wizard but do no damage.
The orc wizard is severely wounded.
The orc wizard hits you but does no damage.
The orc misses you. The orc hits you with a mace.
* * * LOW MAGIC WARNING * * *
* * * LOW HITPOINT WARNING * * *
The orc hits you with a hand axe.
You die...

♣#α.######.)....#.#.....#++##
♣#..'....+....≈.#8#.....#..≈≈
♣#..######...≈≈≈#########....
♣##'#....#.≈≈≈≈≈#............
♣........########.........≈≈≈
♣♣.................≈≈≈≈≈≈≈≈≈≈
♣♣..............≈≈≈####≈≈≈≈≈
♣♣.......oo≈≈≈≈≈≈## ##≈≈≈.
♣♣.....oofo........8 #≈≈..
♣.....≈≈≈≈≈≈≈≈≈##..##≈≈≈.
♣♣♣.8..≈≈≈≈≈≈≈≈≈# ##≈≈≈♣♣
♣........###### ###♣♣
♣♣♣♣♣♣####


You could see an orc wizard and 4 orcs.

Vanquished Creatures
  A giant gecko (D:1)
  3 bats (D:1)
  7 hobgoblins (D:1)
  2 kobolds (D:1)
  2 ball pythons (D:1)
  2 goblins (D:1)
  4 rats (D:1)
21 creatures vanquished.

Notes
Turn   | Place    | Note
--------------------------------------------------------------
     0 | D:1      | rchandra the Vine Stalker Wizard began the quest for the Orb.
     0 | D:1      | Reached XP level 1. HP: 9/9 MP: 5/5
   293 | D:1      | Reached XP level 2. HP: 9/14 MP: 2/7
   297 | D:1      | Learned a level 2 spell: Call Imp
   300 | D:1      | Learned a level 2 spell: Repel Missiles
   507 | D:1      | Reached skill level 1 in Fighting
  1068 | D:1      | Reached XP level 3. HP: 10/18 MP: 1/9
  1243 | D:1      | Slain by an orc

Vault maps used:
D:1:      sevenhm_arrival_forest_fort_large_1, solitary_fountain

Action                   || total
-------------------------++-------
Melee: Short sword       ||    31
       Unarmed           ||     2
 Cast: Magic Dart        ||    45
  Eat: Chunk             ||     1

Vault maps used:
D:1:      sevenhm_arrival_forest_fort_large_1, solitary_fountain
